 Dungeon Crawl Stone Soup version 0.30.1-9-gdf580d7c3d (webtiles) character file.

Game seed: 14216143883280766535

3147 jagang the Carver (level 10, -3/74 (77) HPs)
             Began as a Human Fighter on Sept 28, 2023.
             Was an Initiate of Okawaru.
             Slain by a wight
             ... wielding a +3 halberd
              (14 damage)
             ... on level 7 of the Dungeon.
             The game lasted 00:24:07 (7434 turns).

jagang the Carver (Human Fighter)                   Turns: 7434, Time: 00:24:08

HP:   -3/74 (77)    AC: 16    Str: 25    XL:     10   Next: 15%
MP:   10/10         EV: 10    Int:  9    God:    Okawaru [......]
Gold: 358           SH:  0    Dex: 13    Spells: 9/9 levels left

rFire   + . .        m - +0 great sword
rCold   + . .        (shield currently unavailable)
rNeg    . . .        w - +4 ring mail of the Valley of Death {Str+2}
rPois   +            F - +0 helmet
rElec   +            b - +0 cloak
rCorr   +            e - +2 pair of gloves "Niwox" {*Slow Will++ rCorr Str+3}
SInv    +            (no boots)
Will    ++...        (no amulet)
Stlth   +            E - ring of see invisible
HPRegen 0.32/turn    (no ring)
MPRegen 0.12/turn

%: slow self (1%)
@: resistant, lightly drained
A: no striking features
a: Renounce Religion


You were on level 7 of the Dungeon.
You worshipped Okawaru.
Okawaru was noncommittal.
You visited 2 branches of the dungeon, and saw 8 of its levels.
You also visited: Sewer.

You collected 358 gold pieces.

Inventory:

Hand Weapons
 a - a +0 long sword
 m - a +0 great sword (weapon)
 D - a +3 falchion of holy wrath
Missiles
 t - 21 poisoned darts (quivered)
 A - 2 curare-tipped darts
Armour
 b - a +0 cloak (worn)
 c - a +0 buckler
 e - the +2 pair of gloves "Niwox" (worn) {*Slow Will++ rCorr Str+3}
   (You acquired it in a sewer)

   Str:       It affects your strength (+3).
   rCorr:     It protects you from acid and corrosion.
   *Slow:     It may slow you when you take damage.
   Will:      It greatly increases your willpower.
 w - the +4 ring mail of the Valley of Death (worn) {Str+2}
   (You found it on level 5 of the Dungeon)

   Str:       It affects your strength (+2).
 F - a +0 helmet (worn)
Jewellery
 l - an amulet of magic regeneration
 E - a ring of see invisible (left hand)
Scrolls
 f - 3 scrolls of summoning
 g - a scroll of enchant armour {unknown}
 j - 2 scrolls of vulnerability
 n - a scroll of noise {unknown}
 o - 3 scrolls of fog
 p - a scroll of fear {unknown}
 q - a scroll of magic mapping {unknown}
 r - 4 scrolls of teleportation {unknown}
 u - a scroll of enchant weapon
 y - a scroll of brand weapon {unknown}
 B - 2 scrolls of blinking {unknown}
Potions
 h - a potion of mutation
 i - a potion of haste {unknown}
 k - 3 potions of flight {unknown}
 s - a potion of attraction {unknown}
 x - 2 potions of brilliance {unknown}
 C - a potion of degeneration {unknown}


   Skills:
 + Level 6.4 Fighting
 * Level 8.3 Long Blades
 + Level 4.7 Throwing
 + Level 6.3 Armour
 + Level 6.3 Shields


You had 9 spell levels left.
You didn't know any spells.
Your spell library contained the following spells:

 Spells                   Type           Power      Damage    Failure   Level
 Frozen Ramparts          Ice            0%         1d1       87%         3
 Gell's Gravitas          Tloc           0%         N/A       87%         3
 Ozocubu's Armour         Ice            0%         N/A       87%         3
 Teleport Other           Tloc           0%         N/A       87%         3
 Ice Form                 Ice/Tmut       0%         N/A       99%         4
 Metabolic Englaciation   Hex/Ice        0%         N/A       100%        5
 Dispersal                Tloc           0%         N/A       100%        6
 Ozocubu's Refrigeration  Ice            0%         4d7       100%        7
 Summon Small Mammal      Summ           Unusable   N/A       N/A         1
 Call Canine Familiar     Summ           Unusable   N/A       N/A         3
 Summon Guardian Golem    Hex/Summ       Unusable   N/A       N/A         3

Dungeon Overview and Level Annotations

Branches:
Dungeon (7/15)             Temple (1/1) D:6           Sewer (visited)

Altars:
Ashenzari
Cheibriados
Elyvilon
Gozag
Hepliaklqana
Makhleb
Nemelex Xobeh
Okawaru
Ru
Sif Muna
Trog
Uskayaw
Vehumet
Xom
Yredelemnul

Shops:
D:6 (


Message History

You feel drained.
You barely miss the wight.
The wight is severely damaged.
The wight hits you with a +0 dire flail.
The wight hits you but does no damage. The wight barely misses you.
The wight hits you but does no damage.
The hound stops to sniff the ground.
You closely miss the wight.
The wight is severely damaged.
You feel yourself speed up. The wight hits you but does no damage.
The wight barely misses you.
The wight hits you with a +0 dire flail!
The white imp shouts, "Slither home, thou currish fly-bitten coxcomb!"
The wight hits you but does no damage.
You hit the wight.
The wight is almost destroyed.
The wight misses you. The wight barely misses you.
You barely miss the wight.
The wight is almost destroyed.
The wight closely misses you. The wight completely misses you.
The howler monkey hoots and howls with incredible vigour!
You closely miss the wight.
The wight is almost destroyed.
The wight misses you.
The wight hits you from afar with a +3 halberd!
* * * LOW HITPOINT WARNING * * *
The wight hits you from afar with a +3 halberd!
* * * LOW HITPOINT WARNING * * *
The wight barely misses you.
You barely miss the wight.
The wight is almost destroyed.
The wight barely misses you.
The wight hits you from afar with a +3 halberd.
* * * LOW HITPOINT WARNING * * *
You feel drained.
* * * LOW HITPOINT WARNING * * *
You feel better.
The white imp grinds its teeth.
The wight hits you from afar with a +3 halberd!
You die... .........(..# ........... ......... ....... .oz.. h5g

#z# #z# .
#@# P. #.#
##.P.
#.#....P.
#.#....P.
#.'....P.
#.#....P.
###.####...
#####...#
##
#.......#


You could see a hound, 3 wights, a gnoll, a white imp and an orc.

Vanquished Creatures
  A two-headed ogre (D:6)
  A troll (D:5)
  Eustachio (D:6)
  Pargi (D:3)
  An ogre (D:5)
  A centaur (D:5)
  A phantom (D:6)
  7 kobold brigands (Sewer)
  3 bullfrogs
  3 scorpions
  6 wights
  3 howler monkeys
  3 hounds
  A gnoll bouda (D:6)
  2 jellies (D:6)
  Crazy Yiuf (D:3)
  A sleepcap (D:6)
  An iguana (D:7)
  An orc wizard (D:7)
  Robin (D:3)
  2 gnolls (D:6)
  14 adders
  2 river rats (Sewer)
  A shadow imp (D:6)
  A white imp (D:7)
  3 worms
  2 dart slugs
  13 orcs
  5 ball pythons
  12 endoplasms
  3 giant cockroaches
  18 goblins
  6 hobgoblins
  10 jackals
  11 kobolds
  3 quokkas
  3 bats (D:2)
  3 frilled lizards
  6 rats
158 creatures vanquished.

Notes
Turn   | Place    | Note
-------+----------+-------------------------------------------
     0 | D:1      | jagang the Human Fighter began the quest for the Orb.
     0 | D:1      | Reached XP level 1. HP: 18/18 MP: 1/1
   201 | D:1      | Reached XP level 2. HP: 22/24 MP: 2/2
   552 | D:1      | Reached XP level 3. HP: 28/29 MP: 3/3
  1159 | D:2      | Found a faded altar of an unknown god.
  1649 | D:2      | Reached XP level 4. HP: 35/35 MP: 4/4
  1822 | D:3      | Found a shimmering altar of Xom.
  1841 | D:3      | Reached skill level 3 in Long Blades
  2190 | D:3      | Noticed Pargi
  2220 | D:3      | Killed Pargi
  2221 | D:3      | Reached XP level 5. HP: 14/42 MP: 5/5
  2349 | D:3      | Noticed Robin
  2352 | D:3      | Reached XP level 6. HP: 48/48 MP: 6/6
  2378 | D:3      | Killed Robin
  2379 | D:3      | Reached skill level 4 in Long Blades
  2587 | D:3      | Found a runed translucent door.
  2588 | D:3      | Noticed Crazy Yiuf
  2597 | D:3      | Killed Crazy Yiuf
  3556 | D:4      | Reached XP level 7. HP: 54/54 MP: 7/7
  3579 | D:4      | Found a sparkling altar of Nemelex Xobeh.
  4146 | D:5      | Entered Level 5 of the Dungeon
  4167 | D:5      | Reached skill level 1 in Throwing
  4180 | D:5      | Identified the +4 ring mail of the Valley of Death {Str+2}
  4272 | D:5      | Found a glowing drain.
  4287 | Sewer    | Entered a sewer
  4296 | Sewer    | Identified a scroll of acquirement
  4298 | Sewer    | Acquired the +2 pair of gloves "Niwox" {*Slow Will++ rCorr
                  | Str+3}
  4469 | Sewer    | Reached skill level 5 in Long Blades
  4861 | Sewer    | Reached XP level 8. HP: 39/61 MP: 8/8
  5311 | Sewer    | Reached skill level 5 in Fighting
  5433 | D:5      | Reached skill level 6 in Long Blades
  5433 | D:5      | Reached skill level 5 in Shields
  5487 | D:5      | Reached skill level 5 in Armour
  5584 | D:5      | Found a snail-covered altar of Cheibriados.
  5597 | D:5      | Noticed a troll
  5603 | D:5      | Killed a troll
  5604 | D:5      | Reached XP level 9. HP: 37/68 MP: 9/9
  5948 | D:6      | Reached skill level 7 in Long Blades
  6177 | D:6      | Noticed Eustachio
  6210 | D:6      | Killed Eustachio
  6435 | D:6      | Found Ishixiod's Antique Weapon Emporium.
  6673 | D:6      | Noticed a two-headed ogre
  6704 | D:6      | Killed a two-headed ogre
  6705 | D:6      | Reached skill level 8 in Long Blades
  6705 | D:6      | Reached XP level 10. HP: 76/76 MP: 10/10
  6946 | D:6      | Got Ydyr Udy's Omnibus of the Iceberg
  6960 | D:6      | Found a staircase to the Ecumenical Temple.
  6971 | Temple   | Entered the Ecumenical Temple
  7143 | Temple   | Became a worshipper of Warmaster Okawaru
  7434 | D:7      | Slain by a wight

Illustrated notes

Levels and vault maps discovered:
D:1:      dpeg_arrival_boxorama, layout_basic
D:2:      layout_basic, dreamdust_ecumenical_altar_hidden_monk_grotto
D:3:      mumra_celtic_spiral_tile, layout_rooms, amcnicky_altar_gilded,
          minmay_pentomino_pile, uniq_robin, uniq_crazy_yiuf_cottage, uniq_pargi
D:4:      layout_gridville, lemuel_round_altar
D:5:      layout_rooms, kennysheep_mini_moat, kennysheep_vampire_church,
          slow_altar_2, portal_sewer_entry_d
D:6:      layout_basic, temple_green, serial_shops, nicolae_shop_stone,
          minmay_holes, minmay_bent, uniq_eustachio
D:7:      layout_basic, grunt_dithmenos_smoke_and_mirrors,
          mainiacjoe_overflow_cross_hatched
Temple:   hc_temple_tempest_star

Skill      XL: |  1  2  3  4  5  6  7  8  9 |
---------------+----------------------------+-----
Long Blades    | 3 4 5 6 8 |  8.3
Fighting       | 4 5 6 |  6.4
Shields        | 4 5 6 |  6.3
Armour         | 4 5 6 |  6.3
Throwing       | 2 3 4 |  4.7

Action                     |  1- 3 |  4- 6 |  7- 9 | 10-12 || total
---------------------------+-------+-------+-------+-------++-------
  Melee: Long sword        |    71 |       |       |       ||    71
         Great sword       |    44 |   164 |   332 |    49 ||   589
  Throw: Dart              |       |     4 |    51 |       ||    55
    Use: Potion            |       |     5 |       |     2 ||     7
         Scroll            |       |       |     7 |       ||     7
 Armour: Scale mail        |    12 |       |       |       ||    12
         Chain mail        |    81 |   208 |    38 |       ||   327
         Ring mail         |       |       |   230 |    37 ||   267
  Dodge: Dodged            |    49 |    99 |   190 |    32 ||   370
  Block: Buckler           |    24 |       |       |       ||    24
